3A
MT. VERNON BULLS @ MYRTLE BEACH SEAHAWKS
08/10/2033
 
TOP OF THE 1ST
Mt. Vernon Bulls batting - Pitching for Myrtle Beach Seahawks : RHP Ratko Davidovic
Pitching: RHP Ratko Davidovic
Batting: RHB Tom Bancroft 0-0: Foul Ball, location: 2F
0-1: Ball
1-1: Fly out, F8 (Line Drive, 8LD)
Batting: RHB Kamakakoa Kaponianani 0-0: Called Strike
0-1: Ball
1-1: Foul Ball, location: 2F
1-2: Strikes out swinging
Batting: RHB Angeddy Almanzar 0-0: Ball
1-0: Fly out, F7 (Flyball, 7S)
Top of the 1st over - 0 runs, 0 hits, 0 errors, 0 left on base; Mt. Vernon 0 - Myrtle Beach 0
BOTTOM OF THE 1ST
Myrtle Beach Seahawks batting - Pitching for Mt. Vernon Bulls : RHP Shadi Zafar
Pitching: RHP Shadi Zafar
Batting: RHB Lucas Gallant 0-0: Called Strike
0-1: SINGLE (Line Drive, 6)
Batting: RHB Kyuso Kouno 0-0: Ball
1-0: Ball
2-0: Hit by Pitch
Lucas Gallant to second
Batting: LHB Augusto Reyes 0-0: Ball
1-0: Ball
2-0: Ball
3-0: Called Strike
3-1: Base on Balls
Lucas Gallant to third
Kyuso Kouno to second
Batting: LHB Anastasio Flores 0-0: Called Strike
0-1: Ball
1-1: SINGLE (Line Drive, 78M)
Lucas Gallant scores
Kyuso Kouno to third
Augusto Reyes to second
Batting: RHB Justin Forbes 0-0: Called Strike
0-1: Ball
1-1: Called Strike
1-2: Strikes out looking
Batting: SHB Faradur Umrani 0-0: SINGLE (Flyball, 89S)
Kyuso Kouno scores
Augusto Reyes to third
Anastasio Flores to second
Runner from 3rd tries for Home, SAFE, no throw
Batting: RHB Al Ellis 0-0: Ball
1-0: Reached on error, E6 (Groundball, 6)
Anastasio Flores to third
Faradur Umrani to second
Batting: RHB Miguel Rey 0-0: Ball
1-0: Ball
2-0: Ball
3-0: Base on Balls
Anastasio Flores scores
Faradur Umrani to third
Al Ellis to second
Batting: RHB César Salvatierra 0-0: Ball
1-0: Grounds into double play, 4-6-3 (Groundball, 4)
Bottom of the 1st over - 4 runs, 3 hits, 1 error, 2 left on base; Mt. Vernon 0 - Myrtle Beach 4
TOP OF THE 2ND
Mt. Vernon Bulls batting - Pitching for Myrtle Beach Seahawks : RHP Ratko Davidovic
Batting: LHB Rich Watkins 0-0: Ball
1-0: Ball
2-0: Foul Ball, location: 2F
2-1: Swinging Strike
2-2: Fly out, F7 (Flyball, 7D)
Batting: RHB Silverberry Mouhon 0-0: Ball
1-0: Swinging Strike
1-1: Hit by Pitch
Batting: LHB Tomás Muinos 0-0: Swinging Strike
0-1: Ball
1-1: Swinging Strike
1-2: Foul Ball, location: 2F
1-2: Foul Ball, location: 2F
1-2: Foul Ball, location: 2F
1-2: Ball
2-2: Foul Ball, location: 2F
2-2: Strikes out looking
Batting: SHB Zak Martin 0-0: Fielders Choice at 2nd, 5-4 (Groundball, 5)
Top of the 2nd over - 0 runs, 0 hits, 0 errors, 1 left on base; Mt. Vernon 0 - Myrtle Beach 4
BOTTOM OF THE 2ND
Myrtle Beach Seahawks batting - Pitching for Mt. Vernon Bulls : RHP Shadi Zafar
Batting: RHB Lucas Gallant 0-0: Ball
1-0: Ball
2-0: Ball
3-0: Base on Balls
Batting: RHB Kyuso Kouno 0-0: Foul Ball, location: 2F
0-1: Called Strike
0-2: Foul Ball, location: 2F
0-2: Fly out, F8 (Flyball, 8RM)
Batting: LHB Augusto Reyes 0-0: Ball
1-0: DOUBLE (Line Drive, 7D)
Lucas Gallant to third
Batting: LHB Anastasio Flores 0-0: Foul Ball, location: 2F
0-1: Ball
1-1: DOUBLE (Groundball, 3L)
Lucas Gallant scores
Augusto Reyes scores
Batting: RHB Justin Forbes 0-0: Called Strike
0-1: Foul Ball, location: 2F
0-2: Ball
1-2: Foul Ball, location: 2F
1-2: Strikes out swinging
Batting: SHB Faradur Umrani 0-0: Called Strike
0-1: Ball
1-1: Ball
2-1: Foul Ball, location: 2F
2-2: Foul Ball, location: 2F
2-2: Ball
3-2: DOUBLE (Flyball, 78D)
Anastasio Flores scores
Batting: RHB Al Ellis 0-0: Ground out 6-3 (Groundball, 6S)
Bottom of the 2nd over - 3 runs, 3 hits, 0 errors, 1 left on base; Mt. Vernon 0 - Myrtle Beach 7
TOP OF THE 3RD
Mt. Vernon Bulls batting - Pitching for Myrtle Beach Seahawks : RHP Ratko Davidovic
Batting: LHB Lou Downes 0-0: Ball
1-0: Called Strike
1-1: Ball
2-1: DOUBLE (Line Drive, 78D)
Batting: SHB Dong-hua Jianbua 0-0: Ball
1-0: Ball
2-0: Ground out 6-3 (Groundball, 6M)
Lou Downes to third
Batting: RHB Tom Bancroft 0-0: Ball
1-0: Called Strike
1-1: Foul Ball, location: 2F
1-2: Ball
2-2: Foul Ball, location: 2F
2-2: Strikes out swinging
Batting: RHB Kamakakoa Kaponianani 0-0: Ball
1-0: Called Strike
1-1: Swinging Strike
1-2: Ball
Wild Pitch!
Lou Downes scores
2-2: Strikes out swinging
Top of the 3rd over - 1 run, 1 hit, 0 errors, 0 left on base; Mt. Vernon 1 - Myrtle Beach 7
BOTTOM OF THE 3RD
Myrtle Beach Seahawks batting - Pitching for Mt. Vernon Bulls : RHP Shadi Zafar
Batting: RHB Miguel Rey 0-0: Called Strike
0-1: Foul Ball, location: 2F
0-2: Ball
1-2: Strikes out looking
Batting: RHB César Salvatierra 0-0: Called Strike
0-1: Ball
1-1: Ground out 4-3 (Groundball, 34)
Batting: RHB Lucas Gallant 0-0: Called Strike
0-1: Foul Ball, location: 2F
0-2: SINGLE (Line Drive, 9S)
Batting: RHB Kyuso Kouno 0-0: Fly out, F3 (Popup, 3F)
Bottom of the 3rd over - 0 runs, 1 hit, 0 errors, 1 left on base; Mt. Vernon 1 - Myrtle Beach 7
TOP OF THE 4TH
Mt. Vernon Bulls batting - Pitching for Myrtle Beach Seahawks : RHP Ratko Davidovic
Batting: RHB Angeddy Almanzar 0-0: Swinging Strike
0-1: Foul Ball, location: 2F
0-2: Fly out, F9 (Flyball, 89M)
Batting: LHB Rich Watkins 0-0: Called Strike
0-1: Called Strike
0-2: Ball
1-2: Strikes out looking
Batting: RHB Silverberry Mouhon 0-0: Ball
1-0: Ball
2-0: Called Strike
2-1: Foul Ball, location: 2F
2-2: Fly out, F8 (Line Drive, 8LD)
Top of the 4th over - 0 runs, 0 hits, 0 errors, 0 left on base; Mt. Vernon 1 - Myrtle Beach 7
BOTTOM OF THE 4TH
Myrtle Beach Seahawks batting - Pitching for Mt. Vernon Bulls : RHP Shadi Zafar
Batting: LHB Augusto Reyes 0-0: Ball
1-0: SINGLE (Flyball, 89S)
Batting: LHB Anastasio Flores 0-0: Called Strike
0-1: Ball
1-1: SINGLE (Groundball, 34D)
Augusto Reyes to second
Runner from 2nd tries for 3rd, SAFE, no throw
Pitching: RHP Joseph Barrier
Batting: RHB Justin Forbes 0-0: Ball
1-0: Called Strike
1-1: Called Strike
1-2: Ball
2-2: Strikes out swinging
Batting: SHB Faradur Umrani 0-0: Called Strike
0-1: Fly out, F2 (Popup, 5SF)
Batting: RHB Al Ellis 0-0: Ball
1-0: Ground out 2-3 (Groundball, 2L)
Bottom of the 4th over - 0 runs, 2 hits, 0 errors, 2 left on base; Mt. Vernon 1 - Myrtle Beach 7
TOP OF THE 5TH
Mt. Vernon Bulls batting - Pitching for Myrtle Beach Seahawks : RHP Ratko Davidovic
Batting: LHB Tomás Muinos 0-0: Ball
1-0: Ball
2-0: SINGLE (Line Drive, 7S)
Batting: SHB Zak Martin 0-0: Foul Ball, location: 2F
0-1: Ball
1-1: Called Strike
1-2: Foul Ball, location: 2F
1-2: Ball
2-2: Foul Ball, location: 2F
2-2: Ball
3-2: Base on Balls
Tomás Muinos to second
Batting: LHB Lou Downes 0-0: Reached on error, E6 (Groundball, 6M)
Tomás Muinos to third
Zak Martin to second
Batting: SHB Dong-hua Jianbua 0-0: Grounds into double play, 4-6-3 (Groundball, 34D)
Tomás Muinos scores
Zak Martin to third
Batting: RHB Tom Bancroft 0-0: Foul Ball, location: 2F
0-1: Ball
1-1: Called Strike
1-2: Ball
2-2: Ball
3-2: Strikes out swinging
Top of the 5th over - 1 run, 1 hit, 1 error, 1 left on base; Mt. Vernon 2 - Myrtle Beach 7
BOTTOM OF THE 5TH
Myrtle Beach Seahawks batting - Pitching for Mt. Vernon Bulls : RHP Joseph Barrier
Batting: RHB Miguel Rey 0-0: Swinging Strike
0-1: Fly out, F8 (Flyball, 8RD)
Batting: RHB César Salvatierra 0-0: Called Strike
0-1: Called Strike
0-2: Foul Ball, location: 2F
0-2: Strikes out swinging
Batting: RHB Lucas Gallant 0-0: Called Strike
0-1: Ground out 5-3 (Groundball, 56)
Bottom of the 5th over - 0 runs, 0 hits, 0 errors, 0 left on base; Mt. Vernon 2 - Myrtle Beach 7
TOP OF THE 6TH
Mt. Vernon Bulls batting - Pitching for Myrtle Beach Seahawks : RHP Ratko Davidovic
Batting: RHB Kamakakoa Kaponianani 0-0: Called Strike
0-1: Ball
1-1: Called Strike
1-2: Ball
2-2: Ball
3-2: Foul Ball, location: 2F
3-2: Foul Ball, location: 2F
3-2: Strikes out swinging
Batting: RHB Angeddy Almanzar 0-0: Ball
1-0: Ground out 6-3 (Groundball, 6M)
Batting: LHB Rich Watkins 0-0: Ball
1-0: Ball
2-0: Called Strike
2-1: Called Strike
2-2: Foul Ball, location: 2F
2-2: Ball
3-2: DOUBLE (Flyball, 9D)
Pitching: RHP Jing-shuan Thum
Batting: RHB Silverberry Mouhon 0-0: Ball
1-0: Ball
Wild Pitch!
Rich Watkins to third
2-0: SINGLE (Groundball, 56D)
Rich Watkins scores
Batting: LHB Tomás Muinos 0-0: Ball
1-0: Foul Ball, location: 2F
1-1: Ball
2-1: Foul Ball, location: 2F
2-2: Strikes out swinging
Top of the 6th over - 1 run, 2 hits, 0 errors, 1 left on base; Mt. Vernon 3 - Myrtle Beach 7
BOTTOM OF THE 6TH
Myrtle Beach Seahawks batting - Pitching for Mt. Vernon Bulls : RHP Joseph Barrier
Batting: RHB Kyuso Kouno 0-0: Ball
1-0: Called Strike
1-1: Foul Ball, location: 2F
1-2: Foul Ball, location: 2F
1-2: Ball
2-2: Ball
3-2: SINGLE (Groundball, 34S) (infield hit)
Batting: LHB Augusto Reyes 0-0: Called Strike
0-1: Called Strike
0-2: Ball
1-2: Fly out, F8 (Line Drive, 8RD)
Batting: LHB Anastasio Flores 0-0: Ball
1-0: 2-RUN HOME RUN (Flyball, 9LD), Distance : 353 ft
Batting: RHB Justin Forbes 0-0: Ball
1-0: Ball
2-0: Ball
3-0: Called Strike
3-1: Base on Balls
Pitching: RHP Jesús Lemus
Batting: SHB Faradur Umrani 0-0: Foul Ball, location: 2F
0-1: Ball
1-1: Ball
Wild Pitch!
Justin Forbes to second
2-1: Ball
3-1: Foul Ball, location: 2F
3-2: SINGLE (Groundball, 34D)
Justin Forbes to third
Batting: RHB Al Ellis 0-0: Called Strike
0-1: Swinging Strike
0-2: Ball
1-2: Ball
2-2: Strikes out swinging
Batting: RHB Miguel Rey 0-0: Swinging Strike
0-1: Ball
1-1: SINGLE (Groundball, 34D)
Justin Forbes scores
Faradur Umrani to second
Runner from 2nd tries for 3rd, SAFE, no throw
Batting: RHB César Salvatierra 0-0: Ball
1-0: Called Strike
1-1: Ball
2-1: Fly out, F8 (Flyball, 8RD)
Bottom of the 6th over - 3 runs, 4 hits, 0 errors, 2 left on base; Mt. Vernon 3 - Myrtle Beach 10
TOP OF THE 7TH
Mt. Vernon Bulls batting - Pitching for Myrtle Beach Seahawks : RHP Jing-shuan Thum
Batting: SHB Zak Martin 0-0: Ball
1-0: Swinging Strike
1-1: Fly out, F7 (Flyball, 78D)
Batting: LHB Lou Downes 0-0: Fly out, F6 (Line Drive, 6)
Batting: SHB Dong-hua Jianbua 0-0: Fly out, F8 (Flyball, 8RS)
Top of the 7th over - 0 runs, 0 hits, 0 errors, 0 left on base; Mt. Vernon 3 - Myrtle Beach 10
BOTTOM OF THE 7TH
Myrtle Beach Seahawks batting - Pitching for Mt. Vernon Bulls : RHP Jesús Lemus
Batting: RHB Lucas Gallant 0-0: Foul Ball, location: 2F
0-1: Fly out, F7 (Flyball, 7LSF)
Batting: RHB Kyuso Kouno 0-0: Ball
1-0: Ball
2-0: Fly out, F6 (Flyball, 6D)
Batting: LHB Augusto Reyes 0-0: Called Strike
0-1: Ball
1-1: SINGLE (Groundball, 4MD)
Batting: LHB Anastasio Flores 0-0: Ball
1-0: Ground out 1-3 (Groundball, 13)
Bottom of the 7th over - 0 runs, 1 hit, 0 errors, 1 left on base; Mt. Vernon 3 - Myrtle Beach 10
TOP OF THE 8TH
Mt. Vernon Bulls batting - Pitching for Myrtle Beach Seahawks : RHP Jing-shuan Thum
Batting: RHB Tom Bancroft 0-0: Foul Ball, location: 2F
0-1: Ball
1-1: Ball
2-1: Swinging Strike
2-2: Ball
3-2: Foul Ball, location: 2F
3-2: Strikes out swinging
Batting: RHB Kamakakoa Kaponianani 0-0: Ball
1-0: SINGLE (Line Drive, 7S)
Batting: RHB Angeddy Almanzar 0-0: Foul Ball, location: 2F
0-1: Fly out, F8 (Line Drive, 8LM)
Batting: LHB Rich Watkins 0-0: Called Strike
0-1: Called Strike
0-2: Ball
1-2: Strikes out swinging
Top of the 8th over - 0 runs, 1 hit, 0 errors, 1 left on base; Mt. Vernon 3 - Myrtle Beach 10
BOTTOM OF THE 8TH
Myrtle Beach Seahawks batting - Pitching for Mt. Vernon Bulls : RHP Jesús Lemus
Batting: RHB Justin Forbes 0-0: Foul Ball, location: 2F
0-1: Foul Ball, location: 2F
0-2: Strikes out looking
Batting: SHB Faradur Umrani 0-0: Called Strike
0-1: Foul Ball, location: 2F
0-2: SINGLE (Line Drive, 89S)
Batting: RHB Al Ellis 0-0: Called Strike
0-1: Ball
1-1: Called Strike
1-2: Fielders Choice at 2nd, 3-6 (Groundball, 34)
Batting: RHB Miguel Rey 0-0: Ball
1-0: Ball
2-0: Ball
3-0: Called Strike
3-1: Called Strike
3-2: Base on Balls
Al Ellis to second
Batting: RHB César Salvatierra 0-0: Fly out, F3 (Popup, 3SF)
Bottom of the 8th over - 0 runs, 1 hit, 0 errors, 2 left on base; Mt. Vernon 3 - Myrtle Beach 10
TOP OF THE 9TH
Mt. Vernon Bulls batting - Pitching for Myrtle Beach Seahawks : RHP Jing-shuan Thum
Batting: RHB Silverberry Mouhon 0-0: Foul Ball, location: 2F
0-1: Ball
1-1: Swinging Strike
1-2: Foul Ball, location: 2F
1-2: Foul Ball, location: 2F
1-2: Fly out, F8 (Flyball, 8LD)
Batting: LHB Tomás Muinos 0-0: Foul Ball, location: 2F
0-1: Foul Ball, location: 2F
0-2: Ground out 4-3 (Groundball, 4)
Batting: SHB Zak Martin 0-0: Foul Ball, location: 2F
0-1: SINGLE (Groundball, 34D)
Batting: LHB Lou Downes 0-0: SINGLE (Groundball, 56D)
Zak Martin to second
Batting: SHB Dong-hua Jianbua 0-0: Called Strike
0-1: Ground out 5-3 (Groundball, 5S)
Top of the 9th over - 0 runs, 2 hits, 0 errors, 2 left on base; Mt. Vernon 3 - Myrtle Beach 10
Saturday, December 22nd, 2018 - OOTP Baseball 18.8 Build 76